Map: Hardwire LE

Players

Bunny

  • Race: Terran Terran

ByuN - Winner!

  • Race: Terran Terran

Event: TSL 8

VOD

Have the link to the VOD?

Description

Time

  • Played on: Dec. 10, 2021, 9:12 a.m.
  • Length: 14:53

All games in this series

Show
View Real Time Build Order
Export as new Build Order

Bunny Terran 

Build Orders:  

Get SALT Encoding   

  12  0:00  SCV  
  13  0:12  SCV  
  14  0:17  Supply Depot  
  14  0:24  SCV  
  15  0:38  SCV  
  15  0:39  Barracks  
  16  0:43  Refinery  
  16  0:50  SCV  
  17  1:02  SCV  
  18  1:15  SCV  
  19  1:27  Reaper, Orbital Command  
  20  1:48  Bunker  
  20  1:52  SCV  
  20  1:53  Supply Depot, Bunker  
  21  1:59  Marine  
  22  2:04  Factory, SCV  
  23  2:17  SCV, Marine  
  26  2:30  SCV  
  26  2:35  Marine  
  27  2:42  SCV  
  28  2:49  Hellion, Command Center  
  30  2:53  Marine  
  30  2:56  SCV  
  28  3:08  SCV  
  28  3:14  Factory Tech Lab  
  28  3:18  Marine  
  29  3:20  SCV  
  29  3:24  Supply Depot  
  30  3:31  Starport  
  30  3:32  SCV  
  31  3:35  Refinery  
  31  3:45  SCV, Marine  
  31  3:46  Hellion  
  34  3:57  SCV  
  34  4:05  Marine  
  31  4:11  SCV  
  31  4:13  Cyclone  
  32  4:22  Command Center  
  32  4:23  SCV  
  32  4:24  Starport Tech Lab  
  33  4:28  Barracks Reactor  
  33  4:32  Orbital Command  
  33  4:35  SCV  
  33  4:46  Siege Tank  
  33  4:47  SCV  
  37  4:56  Refinery  
  37  4:59  SCV  
  39  5:00  SCV  
  39  5:04  Marine x2  
  40  5:13  SCV x2  
  41  5:22  Marine x2  
  41  5:23  Siege Tank  
  41  5:28  SCV x2  
  43  5:29  Viking  
  45  5:35  Orbital Command  
  45  5:40  SCV x2, Marine x2  
  44  5:52  SCV  
  43  5:57  SCV  
  43  5:59  Raven, Marine x2  
  43  6:01  SCV  
  49  6:08  SCV  
  49  6:10  SCV  
  51  6:12  Siege Tank  
  51  6:13  SCV  
  51  6:17  Marine x2  
  57  6:21  SCV, Refinery  
  57  6:22  SCV  
  57  6:25  SCV  
  60  6:29  Barracks x2  
  60  6:33  SCV  
  60  6:34  SCV  
  60  6:35  Marine x2  
  60  6:37  SCV  
  65  6:43  Raven  
  65  6:45  SCV  
  65  6:46  SCV  
  69  6:50  SCV  
  67  6:54  Supply Depot  
  67  6:55  Supply Depot  
  67  6:57  SCV  
  67  6:58  SCV  
  67  7:00  Siege Tank  
  69  7:10  Supply Depot x2  
  69  7:16  SCV x3, Marine x2  
  69  7:17  Barracks Tech Lab  
  74  7:26  Engineering Bay x2  
  74  7:28  SCV x3  
  77  7:37  Starport Reactor  
  77  7:38  Stimpack, Combat Shield  
  77  7:40  SCV x3  
  77  7:43  Marine x3  
  81  7:44  Marine  
  81  7:48  Siege Tank  
  85  7:53  Supply Depot  
  85  8:01  Marine x3  
  85  8:02  Supply Depot  
  85  8:03  Terran Infantry Weapons Level 1  
  85  8:05  Terran Infantry Armor Level 1  
  88  8:07  Marine  
  88  8:08  SCV x2  
  88  8:09  SCV  
  92  8:14  Medivac  
  92  8:16  Supply Depot  
  92  8:17  Medivac  
  96  8:21  Marine x3  
  96  8:25  Marine  
  96  8:26  Siege Tank  
  103  8:30  Supply Depot  
  101  8:39  Marine x3  
  104  8:41  Supply Depot  
  104  8:43  Marine  
  104  8:47  Medivac  
  104  8:48  Medivac, Barracks  
  109  8:49  Barracks  
  109  8:56  Supply Depot  
  109  8:57  Marine x2  
  109  8:58  Armory, Marine  
  112  9:06  Marine  
  112  9:07  Sensor Tower  
  112  9:08  Supply Depot  
  113  9:14  Marine  
  113  9:15  Marine  
  113  9:16  Marine  
  116  9:19  Siege Tank  
  116  9:24  Marine  
  119  9:28  Medivac  
  122  9:32  Marine x2  
  122  9:34  Supply Depot, Marine  
  122  9:35  Supply Depot  
  124  9:41  Barracks Reactor  
  124  9:42  Barracks Reactor, Marine  
  116  9:53  Marine x3  
  116  9:55  Medivac, Siege Tank  
  116  9:59  Marine  
  124  10:01  Medivac  
  124  10:06  Supply Depot  
  115  10:12  Marine  
  115  10:13  Marine x2  
  118  10:17  Marine  
  119  10:25  Marine x4  
  121  10:30  Siege Tank, Marine x2  
  122  10:38  Orbital Command  
  114  10:43  Marine x6  
  114  10:45  Medivac  
  114  10:46  Medivac  
  114  10:48  Marine  
  125  10:54  Marine  
  126  11:00  Marine  
  126  11:01  Marine x4  
  114  11:05  Marine  
  114  11:06  Marine  
  115  11:11  Marine  
  113  11:18  Marine  
  113  11:19  Marine x4  
  113  11:24  Viking x2  
  114  11:25  Marine  
  114  11:26  Marine  
  114  11:29  Marine  
  117  11:35  Siege Tank  
  117  11:36  Marine x4  
  124  11:46  Marine x3  
  127  11:47  Marine  
  128  11:54  Marine  
  128  11:59  Marine x3  
  132  12:04  Marine x3  
  132  12:05  Marine  
  126  12:12  Marine  
  121  12:16  Marine  
  121  12:17  Marine x2  
  121  12:21  Medivac, Marine  
  121  12:22  Medivac, Marine x2  
  128  12:23  Marine  
  128  12:26  Siege Tank  
  128  12:29  Marine  
  106  12:37  Marine x3  
  106  12:39  Marine x3  
  106  12:41  Marine  
  113  12:47  Marine  
  114  12:55  Marine x3  
  114  12:57  Marine x3  
  120  13:03  Siege Tank  
  120  13:04  Marine  
  120  13:05  Marine  
  125  13:13  Marine x3  
  125  13:15  Medivac  
  125  13:16  Medivac  
  125  13:18  Marine  
  133  13:23  Marine x4  
  126  13:35  Siege Tank, Marine x4  
  133  13:42  Marine x4  
  137  13:52  Marine  
  137  13:54  Marine  
  137  13:55  Marine x2  
  141  13:59  Medivac x2  
  141  14:00  Marine x2  
  145  14:10  Marine x3  
  145  14:12  Marine  
  145  14:13  Marine x2  
  131  14:18  Marine x2  
  81  14:28  Marine x2  
Show
View Real Time Build Order
Export as new Build Order

ByuN Terran - Winner!

Build Orders:  

Get SALT Encoding   

  12  0:00  SCV  
  13  0:12  Supply Depot  
  13  0:17  SCV  
  14  0:35  Barracks  
  14  0:41  Refinery  
  15  0:53  Barracks  
  14  0:58  SCV  
  15  1:10  SCV  
  16  1:23  Reaper  
  16  1:24  Orbital Command  
  17  1:31  Refinery  
  17  1:42  Reaper  
  18  1:49  SCV  
  19  1:55  Supply Depot  
  19  1:58  Reaper  
  20  2:01  SCV  
  21  2:13  SCV  
  21  2:14  Reaper  
  23  2:25  SCV  
  24  2:30  Factory  
  24  2:37  SCV  
  24  2:38  Reaper  
  26  2:46  Supply Depot  
  26  2:47  Reaper  
  26  2:50  SCV  
  27  3:02  SCV  
  27  3:10  Reaper  
  27  3:14  SCV  
  27  3:19  Factory Tech Lab  
  29  3:27  SCV  
  29  3:32  Command Center  
  29  3:38  Cyclone  
  29  3:39  SCV  
  33  3:44  Starport  
  33  3:58  SCV  
  32  4:10  SCV, Cyclone  
  34  4:22  SCV  
  34  4:23  Medivac  
  37  4:24  Barracks  
  37  4:34  SCV  
  38  4:44  Orbital Command  
  38  4:46  SCV, Refinery  
  38  4:52  Factory Tech Lab  
  39  5:01  Barracks Reactor  
  39  5:09  SCV  
  39  5:10  SCV  
  39  5:11  Siege Tank  
  39  5:12  Banshee  
  39  5:13  Marine  
  48  5:21  SCV  
  49  5:22  SCV  
  50  5:32  Supply Depot  
  50  5:33  SCV  
  50  5:34  SCV  
  50  5:35  Supply Depot  
  52  5:37  Marine x2  
  54  5:54  SCV x2, Siege Tank, Marine  
  54  5:55  Marine  
  61  6:06  SCV x2  
  62  6:14  Starport Reactor  
  62  6:15  Stimpack, Marine  
  62  6:16  Supply Depot  
  62  6:17  Marine x2  
  65  6:18  SCV x2  
  65  6:19  Command Center  
  65  6:23  Refinery  
  65  6:24  Engineering Bay  
  65  6:25  Engineering Bay  
  67  6:30  SCV x2  
  66  6:35  Marine  
  66  6:36  Marine x2  
  66  6:39  Siege Tank  
  72  6:40  Supply Depot  
  72  6:42  SCV x2  
  74  6:53  Medivac, Marine  
  74  6:54  Marine  
  77  7:00  Medivac, SCV  
  78  7:02  SCV, Marine  
  78  7:04  Terran Infantry Weapons Level 1, Terran Infantry Armor Level 1  
  78  7:05  Supply Depot  
  80  7:11  Marine x2  
  80  7:12  SCV  
  80  7:14  SCV  
  83  7:19  Marine  
  84  7:27  Siege Tank  
  84  7:29  Marine x2  
  90  7:30  SCV x2  
  90  7:32  Supply Depot  
  91  7:38  Barracks  
  91  7:39  Starport Reactor  
  91  7:42  Marine  
  92  7:45  SCV x2  
  92  7:46  Orbital Command  
  92  7:47  Marine x2  
  96  7:59  Barracks  
  96  8:00  Marine, Barracks  
  96  8:01  SCV x2  
  96  8:04  Missile Turret, Marine  
  96  8:05  Combat Shield  
  100  8:06  Siege Tank  
  100  8:07  Marine  
  100  8:08  Missile Turret  
  100  8:12  SCV  
  105  8:13  SCV x2  
  105  8:17  Marine  
  105  8:18  Sensor Tower  
  108  8:22  Marine  
  108  8:24  SCV  
  108  8:25  SCV x2, Marine  
  108  8:26  Supply Depot  
  113  8:30  Armory  
  113  8:33  Supply Depot  
  113  8:34  Marine x2  
  113  8:35  Marine  
  113  8:37  SCV  
  117  8:43  Refinery  
  117  8:44  Refinery  
  117  8:47  Barracks Reactor x2, Siege Tank, SCV x2, Marine x2  
  124  8:51  Supply Depot  
  124  8:52  Supply Depot  
  124  8:53  SCV  
  124  8:55  Medivac x2  
  129  8:59  SCV x2  
  131  9:03  Marine x2  
  131  9:09  Supply Depot  
  133  9:13  SCV x3, Marine x3  
  133  9:16  Terran Infantry Weapons Level 2, Supply Depot, Terran Infantry Armor Level 2  
  139  9:18  Supply Depot  
  139  9:21  Marine  
  139  9:23  Marine  
  139  9:24  Marine x4  
  139  9:30  Marine  
  143  9:35  Command Center  
  142  9:39  Marine x2  
  142  9:44  Marine  
  141  9:45  Marine  
  141  9:46  Marine  
  141  9:47  SCV x2  
  141  9:52  SCV  
  137  9:57  Marine x2  
  137  9:59  SCV x2, Marine  
  142  10:03  Marine x6  
  142  10:06  SCV  
  149  10:11  SCV  
  149  10:13  Siege Tank  
  153  10:15  Marine x2  
  153  10:17  Marine  
  156  10:25  Marine x2  
  156  10:26  Marine x4  
  159  10:33  Marine x2  
  159  10:34  Marine  
  162  10:41  Terran Vehicle Weapons Level 1  
  148  10:43  Marine x3  
  148  10:44  Marine x2  
  148  10:45  Siege Tank  
  148  10:48  Planetary Fortress  
  148  10:49  SCV x3  
  156  10:50  Factory, Marine  
  156  10:51  Marine  
  156  10:52  Marine  
  156  10:53  Barracks Reactor  
  159  11:01  Marine x5  
  123  11:08  Marine x2  
  123  11:10  Marine  
  117  11:19  Marine x5  
  117  11:24  Siege Tank  
  117  11:25  Viking x2  
  123  11:26  Marine x2  
  123  11:28  Marine  
  123  11:32  Marine x2  
  127  11:35  Siege Tank  
  127  11:36  SCV  
  127  11:37  SCV, Marine x5  
  127  11:38  SCV  
  139  11:44  Marine x2  
  141  11:48  Marine  
  141  11:49  SCV  
  141  11:50  Marine x2  
  145  11:54  Marine  
  145  11:55  Viking x2, Marine x4  
  145  12:00  Siege Tank  
  157  12:02  Marine x2  
  157  12:06  Marine  
  157  12:07  Siege Tank  
  157  12:08  Marine x2  
  162  12:12  Marine x2  
  162  12:13  Marine  
  148  12:18  SCV  
  148  12:19  Marine  
  148  12:20  Marine  
  144  12:23  Marine  
  144  12:25  Viking  
  144  12:26  Marine x2  
  145  12:30  Marine x3  
  145  12:33  Siege Tank  
  138  12:37  Marine x2  
  138  12:38  Supply Depot  
  138  12:41  Siege Tank, Marine  
  138  12:43  SCV x3, Marine  
  138  12:44  Marine  
  149  12:48  Marine x3  
  152  12:55  Marine x2  
  152  12:57  Medivac x2  
  158  12:59  Marine  
  158  13:01  Marine x2  
  158  13:05  Siege Tank, Barracks  
  164  13:07  Marine x3  
  167  13:13  Marine x2  
  167  13:15  Siege Tank  
  167  13:17  Marine  
  171  13:27  Viking x2  
  171  13:31  Marine  
  171  13:32  Marine x6  
  166  13:35  Marine  
  166  13:37  Siege Tank  
  169  13:47  Siege Tank  
  172  13:49  Marine x2  
  172  13:50  Marine x5  
  172  13:53  Marine  
  180  13:56  Marine  
  180  14:00  Viking x2  
  185  14:07  Sensor Tower, Marine x3  
  185  14:08  Marine x4  
  185  14:09  Siege Tank  
  195  14:10  Marine  
  195  14:14  Marine  
  183  14:19  Siege Tank  
  172  14:25  Marine x7  
  172  14:28  Marine  
  172  14:32  Marine  
Tags
 
Event
TSL 8
Matchup
TvT
Player
BunnyByuN
Race
Terran
Add a new tag
Caveats
  • Supply blocks, unpowered buildings, or Contaminate may cause inaccurate times.
  • Supply counts are checked every 10 seconds.